 Dungeon Crawl Stone Soup version 0.28.0-43-g3370ac3207 (console) character file.

Game seed: 6945106150928521203

51 Zeor the Cudgeller (level 3, -1/24 HPs)
             Began as a Gargoyle Monk on Mar 26, 2022.
             Killed from afar by an orc wizard (4 damage)
             ... with a magic dart
             ... on level 3 of the Dungeon.
             The game lasted 00:05:18 (2654 turns).

Zeor the Cudgeller (Gargoyle Monk)                  Turns: 2654, Time: 00:05:19

Health: -1/24      AC:  6    Str: 16    XL:     3   Next: 83%
Magic:  3/3        EV: 12    Int: 10    God:
Gold:   87         SH:  0    Dex: 12    Spells: 2/2 levels left

rFire   . . .      SeeInvis .   a - +0 mace
rCold   . . .      Faith    .   (no shield)
rNeg    + . .      Spirit   .   b - +0 robe
rPois   ∞          Reflect  .   (no helmet)
rElec   +          Harm     .   i - +0 cloak
rCorr   .          Rampage  .   (no gloves)
Will    .....                   (no boots)
Stlth   +.........              (no amulet)
HPRegen 0.08/turn               (no ring)
MPRegen 0.08/turn               (no ring)

@: confused
A: sickness immunity, AC +3, negative energy resistance 1, electricity
resistance, torment resistance 1, petrification resistance
a: no special abilities


You were on level 3 of the Dungeon.
You visited 1 branch of the dungeon, and saw 3 of its levels.

You collected 87 gold pieces.

Inventory:

Hand Weapons
 a - a +0 mace (weapon)
Missiles
 c - 4 poisoned darts (quivered)
 f - 23 sling bullets
 g - 16 bolts
 h - 13 arrows
Armour
 b - a +0 robe (worn)
 i - a +0 cloak (worn)
Jewellery
 e - an amulet of faith
 m - an amulet of magic regeneration
Scrolls
 l - a scroll of blinking
Potions
 d - a potion of attraction {unknown}
 j - a potion of haste {unknown}
 k - 2 potions of degeneration {unknown}


   Skills:
 + Level 3.9 Fighting
 * Level 4.2 Maces & Flails
 - Level 2.4 Dodging
 - Level 2.1 Stealth


You had 2 spell levels left.
You didn't know any spells.
Your spell library contained the following spells:

 Spells                   Type           Power      Damage    Failure   Level
 Static Discharge         Conj/Air       0%         N/A       50%         2
 Dispel Undead            Necr           0%         3d6       98%         4
 Sticky Flame             Conj/Fire      0%         2d3       98%         4


Dungeon Overview and Level Annotations

Branches:
Dungeon (3/15)

Altars:

Annotations:
D:2 1 runed translucent door, Crazy Yiuf


Innate Abilities, Weirdness & Mutations

You are immune to sickness and miasma.
Your stone body is resilient. (AC +3)
You are immune to poison.
You resist negative energy. (rN+)
You are resistant to electric shocks. (rElec)
You are resistant to unholy torment.
You are immune to petrification.


Message History

The orc wizard is almost dead.
The orc wizard casts a spell.
The orc wizard flickers and vanishes!
Deactivating autopickup; reactivate with Ctrl-A.
You barely miss something.
You hear some strange, mumbled words.
Something tries to affect you, but you resist.
You hear some strange, mumbled words.
Something tries to affect you, but you resist.
You're too confused to move!
The orc shouts!
You hear a shout!
Something hits you but does no damage.
You miss something. Something hits you but does no damage.
Something hits you but does no damage.
You bump into the rock wall.
Something hits you but does no damage. The orc hits you with a +0 club.
You closely miss the orc.
You feel less confused.
You hear some strange, mumbled words.
You are confused.
The orc closely misses you.
You closely miss the orc. Something hits you but does no damage.
The orc hits you with a +0 club. Something hits you.
An orc comes into view. It is wielding a +0 morningstar.
The orc shouts!
The orc closely misses you. Something hits you but does no damage.
Something barely misses you.
You bump into the rock wall.
The orc misses you.
You hear some strange, mumbled words.
A puff of flame appears from out of thin air!
The puff of flame hits you!
Ouch! That really hurt!
* * * LOW HITPOINT WARNING * * *
You hit the orc.
The orc is heavily wounded.
The orc hits you but does no damage.
You hear some strange, mumbled words.
A magic dart appears from out of thin air!
The magic dart hits you.
You die...

▒▒▒▒▒▒▒ ▒∙∙
▒∙∙∙∙∙▒▒▒▒▒▒▒
▒▒∙▒▒▒∙∙∙∙∙∙∙∙
▒∙∙∙∙▒∙∙▒▒▒▒▒▒
▒▒▒▒▒∙∙▒∙▒∙∙▒ ∙
▒∙∙∙∙∙∙▒∙▒∙∙▒▒ ▒
▒∙▒▒▒∙▒▒∙∙∙▒▒▒∙ ▒▒ ▒∙▒
▒∙∙∙∙∙∙∙∙∙∙∙▒∙ ▒▒▒▒▒9▒
▒▒∙∙∙∙∙∙∙∙∙∙▒∙
▒∙∙∙o{▒▒▒▒∙▒▒▒∙▒∙∙∙∙∙∙
▒∙▒∙∙∙∙∙∙∙∙▒ ▒∙▒∙∙∙∙∙∙
▒∙▒▒▒▒▒∙o▒▒ ▒∙∙∙∙∙∙ ▒∙
▒∙∙∙∙∙∙▒ ▒▒∙▒▒▒▒ ▒∙
▒∙▒▒∙∙∙∙∙∙▒▒ ▒∙ ▒
▒∙▒∙∙∙∙∙∙∙▒ ∙∙
▒∙▒∙∙∙∙∙∙∙▒ ▒▒ ▒▒
∙∙▒∙∙∙o∙∙∙o ∙∙


You could see an orc.

Vanquished Creatures
  3 dart slugs (D:1)
  2 endoplasms
  2 giant cockroaches
  3 goblins
  8 hobgoblins
  A quokka (D:2)
  4 ball pythons
  7 bats
  5 frilled lizards
  4 kobolds
  4 rats
43 creatures vanquished.

Vanquished Creatures (others)
  3 plants (D:1)
3 creatures vanquished.

Grand Total: 46 creatures vanquished

Notes
Turn   | Place    | Note
-------+----------+-------------------------------------------
     0 | D:1      | Zeor the Gargoyle Monk began the quest for the Orb.
     0 | D:1      | Reached XP level 1. HP: 14/14 MP: 1/1
   129 | D:1      | Reached XP level 2. HP: 19/19 MP: 2/2
   537 | D:1      | Reached XP level 3. HP: 24/24 MP: 3/3
  1212 | D:2      | Found a faded altar of an unknown god.
  1266 | D:2      | Reached skill level 4 in Maces & Flails
  1967 | D:2      | Found a runed translucent door.
  1968 | D:2      | Noticed Crazy Yiuf
  2654 | D:3      | Killed from afar by an orc wizard

Illustrated notes

Levels and vault maps discovered:
D:1:      lightli_arrival_maybe_door_vault, layout_loops_ring, serial_forest,
          infiniplex_forest_split, infiniplex_forest_lined_2,
          infiniplex_forest_straight_3, infiniplex_forest_lined_3_way,
          infiniplex_forest_clump_curved, infiniplex_forest_clump_small,
          infiniplex_forest_pool, amcnicky_mini_corridor_feature
D:2:      layout_loops_corners, basic_ecumenical_altar, hangedman_decor_growths,
          item_on_display_a, uniq_crazy_yiuf_cottage
D:3:      layout_basic

Skill      XL: |  1  2  3 |
---------------+----------+-----
Maces & Flails | 4 |  4.2
Fighting       | |  3.9
Dodging        | |  2.4
Stealth        | |  2.1

Action                   || total
-------------------------++-------
Melee: Mace              ||   160
       Punch             ||     2
  Use: Scroll            ||     1
 Stab: Sleeping          ||     7
Armor: Robe              ||    53
Dodge: Dodged            ||   101
